 Dungeon Crawl Stone Soup version 0.27.1-3-gb3d3a73c9e (webtiles) character file.

Game seed: 1005250677624577758

48 CmdrRubz the Chopper (level 3, -1/34 HPs)
             Began as a Minotaur Berserker on Oct 19, 2021.
             Was a Believer of Trog.
             Slain by Sigmund (4 damage)
             ... on level 2 of the Dungeon.
             The game lasted 00:01:40 (976 turns).

CmdrRubz the Chopper (Minotaur Berserker)            Turns: 976, Time: 00:01:41

Health: -1/34      AC:  2    Str: 22    XL:     3   Next: 50%
Magic:  2/2        EV: 12    Int:  4    God:    Trog [**....]
Gold:   71         SH:  0    Dex:  9    Spells: 2/2 levels left

rFire    . . .     SeeInvis .   a - +0 hand axe
rCold    . . .     Faith    .   (no shield)
rNeg     . . .     Spirit   .   b - +0 animal skin
rPois    .         Reflect  .   (helmet restricted)
rElec    .         Harm     .   (no cloak)
rCorr    .         Rampage  .   (no gloves)
Will     .....                  (no boots)
Stlth    +.........             (no amulet)
HPRegen  0.11/turn              (no ring)
MPRegen  0.08/turn              (no ring)

@: on berserk cooldown, slowed, very slow
A: horns 2, retaliatory headbutt
a: Renounce Religion, Berserk, Trog's Hand


You were on level 2 of the Dungeon.
You worshipped Trog.
Trog was pleased with you.
You visited 1 branch of the dungeon, and saw 2 of its levels.

You collected 71 gold pieces.

Inventory:

Hand Weapons
 a - a +0 hand axe (weapon)
Armour
 b - a +0 animal skin (worn)
Scrolls
 d - 2 scrolls of amnesia {unknown}
 e - a scroll of brand weapon {unknown}
Potions
 c - a potion of might {unknown}


   Skills:
 + Level 4.3 Fighting
 * Level 4.4 Axes
 * Level 2.8 Armour
 + Level 2.6 Dodging


You had 2 spell levels left.
You didn't know any spells.
Your spell library was empty.

Dungeon Overview and Level Annotations

Branches:
Dungeon (2/15)

Altars:

Annotations:
D:2 1 runed translucent door, Crazy Yiuf, Sigmund


Innate Abilities, Weirdness & Mutations

You have a pair of horns on your head.
You reflexively headbutt those who attack you in melee.


Message History

You hit Sigmund.
Sigmund is heavily wounded.
Sigmund gestures at you while chanting.
You are confused.
Sigmund misses you.
You feel a strong urge to attack something.
You are no longer berserk.
You are exhausted.
You feel yourself slow down. Sigmund closely misses you.
Sigmund closely misses you.
You closely miss Sigmund.
Sigmund is heavily wounded.
You feel less confused. Sigmund casts a spell at you.
You resist with significant effort.
You hit Sigmund.
Sigmund is severely wounded.
Sigmund barely misses you.
You barely miss Sigmund. You headbutt Sigmund.
Sigmund is almost dead.
Sigmund points at you and mumbles some strange words.
The magic dart hits you! Sigmund gestures at you while chanting.
You are confused.
You hit Sigmund but do no damage. Your headbutt misses Sigmund.
Sigmund is almost dead.
Sigmund barely misses you.
Sigmund mumbles some strange words.
Sigmund flickers and vanishes!
Deactivating autopickup; reactivate with Ctrl-A.
Something hits you! Something hits you!
* * * LOW HITPOINT WARNING * * *
You feel less confused.
You hear some strange, mumbled words.
A magic dart appears from out of thin air!
The magic dart hits you.
* * * LOW HITPOINT WARNING * * *
You closely miss something. Your headbutt misses something. Something hits you.
You die...

.# .# . .##
#.### ..
..... .# #
#..#####.##.#
#...........#
#....@{.....#
####.##.###.#
#.##.# #.##.#
..##.# ####.#
#.# #.# #.#


There were no monsters in sight!

Vanquished Creatures
  A gnoll (D:1)
  2 dart slugs (D:1)
  5 bats
  2 endoplasms
  2 giant cockroaches (D:1)
  3 goblins (D:1)
  6 jackals
  2 kobolds
  2 ball pythons (D:1)
  2 frilled lizards (D:1)
  6 rats
33 creatures vanquished.

Notes
Turn   | Place    | Note
-------+----------+-------------------------------------------
     0 | D:1      | CmdrRubz the Minotaur Berserker began the quest for the
                  | Orb.
     0 | D:1      | Reached XP level 1. HP: 19/19 MP: 0/0
    27 | D:1      | Reached XP level 2. HP: 27/27 MP: 1/1
   162 | D:1      | Found a faded altar of an unknown god.
   347 | D:1      | Reached XP level 3. HP: 27/33 MP: 2/2
   490 | D:1      | Reached ** piety under Trog
   805 | D:2      | Found a runed translucent door.
   806 | D:2      | Noticed Crazy Yiuf
   957 | D:2      | Noticed Sigmund
   976 | D:2      | Slain by Sigmund

Illustrated notes

Levels and vault maps discovered:
D:1:      dpeg_arrival_windows_large_door, layout_basic,
          ebering_ecumenical_altar_box
D:2:      layout_loops_ring, uniq_sigmund, uniq_crazy_yiuf_cottage

Skill      XL: |  1  2 |
---------------+-------+-----
Axes           | 4 |  4.4
Fighting       | 4 |  4.3
Armour         | |  2.8
Dodging        | |  2.6

Action                   || total
-------------------------++-------
Melee: Hand axe          ||    49
       Headbutt          ||     7
Invok: Berserk           ||     2
 Stab: Sleeping          ||     1
Armor: Animal skin       ||     5
Dodge: Dodged            ||    37
